 Dungeon Crawl Stone Soup version 0.18.1-48-g4cf74bf (webtiles) character file.

114 nikopol the Skirmisher (level 4, 0/61 HPs)
             Began as a Minotaur Berserker on June 28, 2016.
             Was a Priest of Trog.
             Slain by an orc
             ... wielding a +0 flail
              (4 damage)
             ... on level 3 of the Dungeon.
             The game lasted 00:03:52 (2123 turns).

nikopol the Skirmisher (Minotaur Berserker)         Turns: 2123, Time: 00:03:53

Health: 0/61       AC:  5    Str: 27    XL:     4   Next: 67%
Magic:  3/3        EV: 12    Int:  4    God:    Trog [***...]
Gold:   73         SH:  0    Dex: 10    Spells: 0 memorised, 3 levels left

rFire  . . .     SeeInvis .     a - +0 hand axe
rCold  . . .     Gourm    .     h - +0 ring mail
rNeg   . . .     Faith    .     (no shield)
rPois  .         Spirit   .     (helmet restricted)
rElec  .         Dismiss  .     (no cloak)
rCorr  .         Reflect  .     (no gloves)
SustAt .         Harm     .     (no boots)
MR     .....                    (no amulet)
Stlth  ..........               (no ring)
                                (no ring)

@: berserking, very quick, not resistant to hostile enchantments, extremely
unstealthy
A: retaliatory headbutt, horns 2
a: Berserk, Trog's Hand, Burn Spellbooks, Renounce Religion


You were on level 3 of the Dungeon.
You worshipped Trog.
Trog was most pleased with you.
You were not hungry.

You visited 1 branch of the dungeon, and saw 3 of its levels.

You collected 73 gold pieces.

Inventory:

Hand Weapons
 a - a +0 hand axe (weapon)
Armour
 b - a +0 animal skin
 h - a +0 ring mail (worn)
Jewellery
 l - a cursed ring of teleportation {unknown}
 q - an uncursed ring of resist corrosion {unknown}
Scrolls
 d - a scroll of remove curse {unknown}
 f - a scroll of random uselessness {unknown}
 i - a scroll of enchant weapon {unknown}
 j - a scroll of teleportation {unknown}
 n - 2 scrolls of fear {unknown}
 p - a scroll of identify {unknown}
 u - a scroll of magic mapping {unknown}
Potions
 e - a potion of magic {unknown}
 g - 2 potions of curing {unknown}
 k - a potion of heal wounds {unknown}
 m - a potion of brilliance {unknown}
 r - a potion of berserk rage {unknown}
Comestibles
 c - 2 bread rations
 o - a meat ration
 s - a beef jerky
 t - a chunk of flesh


   Skills:
 + Level 4.6 Fighting
 + Level 4.5 Axes
 + Level 3.6 Armour
 + Level 3.2 Dodging


You had 3 spell levels left.
You didn't know any spells.

Dungeon Overview and Level Annotations

Branches:
Dungeon (3/15)

Altars:
Elyvilon

Annotations:
D:3 Grinder


Innate Abilities, Weirdness & Mutations

You reflexively headbutt those who attack you in melee.
You have a pair of horns on your head.


Message History

You feel somewhat more hungry. The orc hits you with a flail.
Grinder gestures at you. Pain shoots through your body!
The orc priest calls down the wrath of Beogh upon you.
Pain shoots through your body!
* * * LOW HITPOINT WARNING * * *
The orc misses you.
You are too injured to fight recklessly!
You are too injured to fight recklessly!
You are too injured to fight recklessly!
You slash the orc priest!
The orc priest is almost dead.
You closely miss Grinder.
Grinder is heavily wounded.
You barely miss the orc. x2
Grinder gestures at you. Pain shoots through your body!
* * * LOW HITPOINT WARNING * * *
The orc hits you with a flail.
You die...

#### ... #### # ..
..# #.##.## #.#
.....# #)#
#o5######.###.#
#o@.......<.[#
......os.#####.###.#
?........# #.#
.......... #>#
..#.###.### #.# . #.
#.# ..# # ... ..#
#.# .##


You could see Grinder, an orc priest, 2 orcs and a giant cockroach.

Vanquished Creatures
  6 adders (D:2)
  A worm (D:2)
  3 dart slugs
  A giant gecko (D:1)
  An orc (D:3)
  2 ball pythons
  A giant cockroach (D:1)
  3 goblins (D:1)
  6 hobgoblins
  7 jackals
  6 kobolds
  A quokka (D:2)
  7 bats
  6 rats
51 creatures vanquished.

Notes
Turn   | Place    | Note
--------------------------------------------------------------
     0 | D:1      | nikopol the Minotaur Berserker began the quest for the Orb.
     0 | D:1      | Reached XP level 1. HP: 19/19 MP: 0/0
   141 | D:1      | Reached XP level 2. HP: 23/27 MP: 1/1
   779 | D:1      | Reached ** piety under Trog
  1152 | D:1      | Reached XP level 3. HP: 33/33 MP: 2/2
  1219 | D:2      | Found a white marble altar of Elyvilon.
  1350 | D:2      | Reached XP level 4. HP: 26/41 MP: 3/3
  1959 | D:2      | Reached *** piety under Trog
  2116 | D:3      | Noticed Grinder
  2123 | D:3      | Slain by an orc

Skill      XL: |  1  2  3 |
---------------+----------+-----
Fighting       | 4 |  4.6
Axes           | 4 |  4.5
Armour         | 3 |  3.6
Dodging        | 3 |  3.2

Action                   |  1- 3 |  4- 6 || total
-------------------------+-------+-------++-------
Melee: Hand axe          |    60 |    53 ||   113
       Headbutt          |    11 |     2 ||    13
Invok: Berserk           |       |     1 ||     1
 Stab: Sleeping          |     1 |       ||     1
  Eat: Chunk             |     1 |     3 ||     4
Armor: Ring mail         |    19 |    11 ||    30
       Animal skin       |     2 |       ||     2
Dodge: Dodged            |    42 |    35 ||    77
